 Dungeon Crawl Stone Soup version 0.30.0-15-g856e2d3f33 (webtiles) character file.

Game seed: 17082470536460083272

70307 cheesebisquit the Spry (level 14, -8/73 HPs)
             Began as a Felid Summoner on May 17, 2023.
             Was an Initiate of Gozag.
             Shot with a bolt by a naga sharpshooter (24 damage)
             ... on level 1 of the Snake Pit on May 18, 2023.
             The game lasted 05:44:23 (46310 turns).

cheesebisquit the Spry (Felid Summoner)            Turns: 46310, Time: 05:44:23

Health: -8/73      AC:  3    Str:  4    XL:     14   Next: 93%
Magic:  15/31      EV: 30    Int: 35    God:    Gozag
Gold:   824        SH:  0    Dex: 16    Spells: 4/38 levels left
                                        Lives:  0   Deaths: 4

rFire   . . .        (weapon unavailable)
rCold   + . .        (shield unavailable)
rNeg    . . .        (body armour unavailable)
rPois   .            (helmet unavailable)
rElec   .            (cloak unavailable)
rCorr   .            (gloves unavailable)
SInv    +            (boots unavailable)
Will    ++...        h - amulet of regeneration
Stlth   ++           u - +6 ring of intelligence
HPRegen 1.12/turn    t - +6 ring of intelligence
MPRegen 0.22/turn

%: no passive effects
@: quick
A: very small, claws 1, fangs 3, see invisible, speed 1, shaggy fur 3, stealthy
paws, no weapons or thrown items, no armour, multi-lived, clumsy 1
a: Renounce Religion, Potion Petition, Call Merchant, Bribe Branch


You were on level 1 of the Snake Pit.
You worshipped Gozag.
Gozag was pleased with you.
You visited 5 branches of the dungeon, and saw 24 of its levels.

You collected 8469 gold pieces.
You spent 5144 gold pieces at shops.
You paid 2501 gold pieces to Gozag.

Inventory:

Jewellery
 e - a ring of positive energy
 h - an amulet of regeneration (around neck)
 l - the ring "Zorey" {rF+ rCorr Str+3}
   (You acquired it on level 13 of the Dungeon)

   [ring of protection from fire]

   Str:       It affects your strength (+3).
   rF:        It protects you from fire.
   rCorr:     It protects you from acid and corrosion.
 n - a +4 ring of protection
 t - a +6 ring of intelligence (right paw)
 u - a +6 ring of intelligence (left paw)
 A - a +6 ring of dexterity
 B - a ring of fire
 D - a ring of resist corrosion
 E - a +5 ring of evasion
 I - a +6 ring of dexterity
 L - a ring of wizardry
 M - a ring of magical power
Wands
 m - a wand of charming (13)
 o - a wand of digging (13)
 r - a wand of iceblast (17)
 x - a wand of flame (90)
 F - a wand of quicksilver (8)
Scrolls
 a - a scroll of poison
 b - 3 scrolls of fog
 c - 3 scrolls of vulnerability
 f - 2 scrolls of magic mapping
 i - 5 scrolls of teleportation
 q - 2 scrolls of torment
 s - 6 scrolls of amnesia
 y - 6 scrolls of immolation
 K - 4 scrolls of identify
Potions
 d - 5 potions of brilliance
 g - 2 potions of might
 j - 6 potions of cancellation
 k - 6 potions of lignification
 p - 2 potions of magic
 v - 2 potions of resistance
 w - 2 potions of flight
 z - a potion of berserk rage
 C - 2 potions of ambrosia
 G - a potion of attraction
 H - 2 potions of haste
 J - a potion of curing


   Skills:
 - Level 15.0 Fighting
 - Level 19.0 Dodging
 - Level 2.6 Stealth
 + Level 12.5 Spellcasting
 - Level 10.0 Hexes
 + Level 12.3 Summonings
 + Level 11.5 Translocations
 - Level 7.0 Air Magic


You had 4 spell levels left.
You knew the following spells:

 Your Spells              Type           Power      Damage    Failure   Level
a - Summon Small Mammal   Summ           100%       N/A       0%          1
b - Call Imp              Summ           100%       N/A       1%          2
c - Call Canine Familiar  Summ           83%        N/A       1%          3
d - Summon Guardian Gole  Hex/Summ       79%        N/A       1%          3
e - Summon Lightning Spi  Summ/Air       74%        N/A       1%          4
f - Blink                 Tloc           100%       N/A       1%          2
g - Summon Mana Viper     Hex/Summ       79%        N/A       1%          5
h - Storm Form            Tmut/Air       23%        N/A       98%         7
i - Malign Gateway        Summ/Tloc      40%        N/A       12%         7

Your spell library contained the following spells:

 Spells                   Type           Power      Damage    Failure   Level
 Freeze                   Ice            84%        1d9       1%          1
 Magic Dart               Conj           84%        1d7       1%          1
 Necrotise                Necr           84%        1d8       1%          1
 Sandblast                Erth           42%        2d11      1%          1
 Slow                     Hex            100%       N/A       1%          1
 Lesser Beckoning         Tloc           100%       N/A       1%          2
 Momentum Strike          Conj/Tloc      100%       3d10      1%          2
 Confusing Touch          Hex            75%        N/A       1%          3
 Dazzling Flash           Conj/Hex       100%       N/A       1%          3
 Inner Flame              Hex/Fire       54%        N/A       1%          3
 Volatile Blastmotes      Fire/Tloc      100%       2d18      1%          3
 Cause Fear               Hex            37%        N/A       1%          4
 Iskenderun's Mystic Bla  Conj/Tloc      58%        2d12      1%          4
 Manifold Assault         Tloc           80%        N/A       1%          4
 Summon Ice Beast         Ice/Summ       60%        N/A       1%          4
 Mephitic Cloud           Conj/Pois/Air  38%        N/A       2%          3
 Anguish                  Hex/Necr       27%        N/A       2%          4
 Passwall                 Tmut/Erth      17%        N/A       3%          2
 Sublimation of Blood     Necr           21%        N/A       3%          2
 Frozen Ramparts          Ice            42%        1d7       6%          3
 Hailstorm                Conj/Ice       21%        3d6       6%          3
 Ozocubu's Armour         Ice            21%        N/A       6%          3
 Stone Arrow              Conj/Erth      42%        3d9       6%          3
 Vampiric Draining        Necr           21%        2d7       6%          3
 Petrify                  Tmut/Erth      21%        N/A       19%         4
 Metabolic Englaciation   Hex/Ice        27%        N/A       7%          5
 Yara's Violent Unravell  Hex/Tmut       27%        3d12      7%          5
 Monstrous Menagerie      Summ           41%        N/A       11%         7
 Enfeeble                 Hex            37%        N/A       26%         7
 Agony                    Necr           21%        N/A       47%         5
 Irradiate                Conj/Tmut      10%        3d15      47%         5
 Summon Horrible Things   Summ           41%        N/A       63%         8
 Haunt                    Necr/Summ      30%        N/A       78%         7
 Starburst                Conj/Fire      10%        6d5       96%         6
 Statue Form              Tmut/Erth      14%        N/A       96%         6
 Ozocubu's Refrigeration  Ice            10%        4d9       100%        7
 Infestation              Necr           10%        N/A       100%        8
 Animate Dead             Necr           Unusable   N/A       N/A         4

Dungeon Overview and Level Annotations

Branches:
Dungeon (15/15)            Temple (1/1) D:6            Lair (5/5) D:11
  Swamp (0/4) Lair:2        Snake (1/4) Lair:3        Slime (0/5) Lair:5
    Orc (2/2) D:11            Elf (0/3) Orc:2        Vaults (0/5) D:14
 Depths (0/4) D:15

Altars:
Ashenzari
Cheibriados
Dithmenos
Elyvilon
Fedhas
Gozag
Hepliaklqana
Kikubaaqudgha
Makhleb
Nemelex Xobeh
Okawaru
Qazlal
Ru
Sif Muna
Trog
Uskayaw
Vehumet
Wu Jian
Xom
Yredelemnul
Zin
The Shining One
Jiyva

Shops:
D:5 :   D:6 *   D:10 =?*((   D:13 =   Orc:2 !(*:   Lair:1 :   Lair:3 :
Lair:5 :

Portals:
Abyss: Lair:3
Pandemonium: Orc:2

Annotations:
D:14 2 transporters, Wulfey's ghost, journeyman MiBe
D:15 3 runed translucent doors
Lair:3 2 transporters, fleet's ghost, journeyman GrEE
Lair:5 2 transporters
Orc:1 1 runed translucent door, AverageBear's ghost, journeyman OpFi


Innate Abilities, Weirdness & Mutations

You have sharp claws.
You have razor-sharp teeth.
You have supernaturally acute eyesight. (SInv)
You cover ground quickly. (Speed+)
Your thick and shaggy fur keeps you warm. (AC +3, rC+)
Your paws help you pounce on unaware monsters.
You are incapable of wielding weapons or throwing items.
You cannot wear armour.
You gain extra lives every three experience levels.
You are clumsy. (Dex -2)


Message History

Flame seeps out of your guardian golem.
Okay, then.
The naga sharpshooter falters for a moment.
Your guardian golem is engulfed in blazing flames.
Your guardian golem disappears in a puff of smoke!
Your guardian golem explodes!
The fiery explosion engulfs your lightning spire.
Your lightning spire resists.
The naga sharpshooter mumbles some strange words.
The naga sharpshooter magically shoots an arrow.
The arrow completely misses you.
Casting: Summon Guardian Golem (safe; 1% risk of failure)
Confirm with . or Enter, or press ? or * to list all spells.
A guardian golem appears, shielding your allies.
Your lightning spire is engulfed in blazing flames.
Your lightning spire shoots out a bolt of lightning at the naga sharpshooter!
The bolt of electricity misses the naga sharpshooter.
The naga sharpshooter shoots a bolt.
The bolt barely misses your lightning spire.
The bolt barely misses you.
The naga sharpshooter shoots an arrow.
The arrow hits your lightning spire!
You are too injured to fight recklessly!
Casting: Summon Mana Viper (dangerous; 1% risk of failure)
Press: ? - help, Q - select action, (/) - cycle Dir - look around, f - activate A mana viper appears with a sibilant hiss.
Your lightning spire is engulfed in blazing flames.
Your lightning spire shoots out a bolt of lightning at the naga sharpshooter!
The bolt of electricity hits the naga sharpshooter!!
The naga sharpshooter falters for a moment.
The naga sharpshooter gestures wildly while chanting.
The naga sharpshooter magically shoots a bolt.
The bolt hits you!
* * * LOW HITPOINT WARNING * * *
The naga sharpshooter shoots an arrow.
The arrow hits your lightning spire!!
The naga sharpshooter's magic is no longer disrupted.
Your lightning spire is engulfed in blazing flames.
The naga sharpshooter shoots a bolt.
The bolt barely misses your mana viper. The bolt hits you!!
You die...
Your body crumbles into a pile of gold.

.#### ##. #......$..
.#..# #... #.......#
##.## ... #...SN..#
...#### ###.##.NN.N..#
#.....# #....##§##
#....#### #.......§#
#....#..###.....§8.##
#.........#....9S...#
.....#....#.....@.###
.....#....#....####
....###...#....#..#
....#.###.####...##
.>.##.....#....###
..##.....)#......##
###.......##......#
.#.........#......#
.####)............######


You could see 2 naga sharpshooters, a friendly mana viper (summoned, sheltered),
a friendly guardian golem (summoned) and a friendly lightning spire (summoned,
sheltered).

Vanquished Creatures
  An ogre (Orc:1)
  A nameless horror (D:9)
  An orc wizard (D:5)
  An orc (Orc:1)
  A rat (D:2)
5 creatures vanquished.

Vanquished Creatures (collateral kills)
  Mlioglotl (Snake:1)
  Asterion (Snake:1)
  Gastronok (Lair:3)
  A juggernaut skeleton (D:15)
  Snorg (D:11)
  The ghost of GigaChad the Cleaver, a journeyman AtFi of Gozag (D:9)
  2 hydras (Lair:2)
  An ogre mage (D:14)
  3 anacondas (Snake:1)
  A merfolk avatar (Lair:5)
  2 boulder beetles
  3 centaur warriors
  6 two-headed ogres
  2 tengu warriors
  2 naga sharpshooters (Snake:1)
  A naga warrior (Snake:1)
  2 orc high priests (Orc:2)
  A sun demon (Orc:2)
  2 skeletal warriors (D:12)
  A sea snake (Lair:5)
  A phantasmal warrior (D:15)
  A necromancer (D:15)
  The ghost of juan097 the Chopper, a novice MiFi (D:7)
  A lindwurm (Lair:5)
  A deep elf pyromancer (D:15)
  The ghost of Fractals the Stinger, a novice DsVM of Vehumet (D:7)
  2 orc knights (Orc:2)
  2 mana vipers (Snake:1)
  7 orc sorcerers
  4 manticores
  A shadow dragon skeleton (D:15)
  4 cyclopes
  11 ugly things
  5 elephants
  3 salamanders (Snake:1)
  3 naga magi (Snake:1)
  4 black mambas
  A smoke demon (Orc:2)
  2 unseen horrors
  11 cane toads
  6 komodo dragons
  3 rime drakes
  A rime drake (shapeshifter) (D:14)
  3 yaktaurs (D:14)
  An efreet (D:15)
  An ice devil (Orc:2)
  3 trolls
  A meliai (D:15)
  A queen bee (D:15)
  2 hellwings (Orc:2)
  A polar bear (Lair:5)
  2 hornets
  2 wind drakes
  A snapping turtle (Lair:5)
  6 dream sheep
  14 blink frogs
  7 slime creatures
  2 shadows
  3 hogs (Lair:3)
  A vampire (D:9)
  7 wyverns
  A fire bat (D:15)
  A neqoxec (D:9)
  33 yaks
  3 wraiths
  5 basilisks
  A redback (shapeshifter) (D:13)
  A warg (Orc:2)
  2 steam dragons
  A chaos spawn (Orc:2)
  8 vampire mosquitoes
  8 nagas (Snake:1)
  2 swamp worms (Lair:2)
  2 acid dragons
  11 water moccasins
  31 orc warriors
  An ice beast (D:7)
  6 black bears
  A sky beast (D:7)
  7 ogres
  24 wolves
  4 centaurs
  A phantom (D:5)
  10 bullfrogs
  A gnoll sergeant (Orc:2)
  3 scorpions
  7 wights
  9 killer bees
  5 howler monkeys
  2 lava snakes (D:9)
  2 quasits (D:9)
  3 jellies
  19 orc priests
  Ijyb (D:3)
  3 iguanas
  2 sleepcaps
  13 orc wizards
  4 hell rats (Lair:4)
  13 gnolls
  6 adders
  A shadow imp (D:7)
  A white imp (D:7)
  An ufetubus (D:5)
  2 worms
  2 dart slugs
  66 orcs
  12 endoplasms
  3 giant cockroaches
  10 goblins
  6 hobgoblins
  3 jackals (D:1)
  4 kobolds
  5 quokkas
  9 ball pythons
  8 bats
  2 frilled lizards (D:1)
  7 rats
568 creatures vanquished.

Vanquished Creatures (others)
  Jorgrun (D:11)
  Rupert (Lair:3)
  Kirke (Lair:3)
  An orc warlord (D:11)
  3 hydras
  3 boulder beetles
  2 demonspawn (Orc:2)
  A two-headed ogre (D:14)
  A naga warrior (Snake:1)
  Urug (Lair:1)
  2 naga sharpshooters (Snake:1)
  An orc high priest (Orc:2)
  10 skeletal warriors
  A skyshark (Lair:4)
  A golden dragon zombie (D:15)
  The ghost of Iich the Cleaver, a novice HOFi of Okawaru (D:7)
  2 orc knights (Orc:2)
  2 orc sorcerers (Orc:2)
  3 manticores
  4 ugly things
  3 slime creatures
  3 elephants (Lair:3)
  Joseph (D:9)
  5 black mambas
  2 cane toads
  2 yaktaurs (D:14)
  Maggie (D:7)
  6 komodo dragons
  2 polar bears (Lair:5)
  6 trolls
  3 meliai (D:15)
  A tyrant leech (Lair:2)
  A blink frog (Lair:4)
  3 dream sheep (Lair:5)
  A shadow (D:12)
  A spriggan skeleton (D:15)
  A spriggan (D:7)
  A wyvern (D:11)
  26 yaks
  A neqoxec (D:9)
  2 hogs (Lair:3)
  2 basilisks (D:11)
  2 vampire mosquitoes
  A warg (Orc:2)
  6 nagas
  A swamp worm (Lair:2)
  4 water moccasins
  12 orc warriors
  2 ogres (D:11)
  8 wolves
  3 centaurs
  A kobold brigand (D:8)
  8 wights
  7 killer bees (D:8)
  A howler monkey (D:6)
  A jelly (Lair:5)
  A quasit (D:9)
  A gnoll bouda (D:5)
  An orc priest (Orc:2)
  3 iguanas
  5 orc wizards
  A hell rat (Lair:5)
  5 gnolls (D:5)
  A white imp (D:6)
  10 orcs
  4 kobolds (D:8)
205 creatures vanquished.

Grand Total: 778 creatures vanquished

Notes
Turn   | Place    | Note
-------+----------+-------------------------------------------
     0 | D:1      | cheesebisquit the Felid Summoner began the quest for the
                  | Orb.
     0 | D:1      | Reached XP level 1. HP: 7/7 MP: 4/4
   198 | D:1      | Reached XP level 2. HP: 11/11 MP: 1/6
   215 | D:1      | Found a faded altar of an unknown god.
   231 | D:1      | Learned a level 2 spell: Call Imp
   856 | D:1      | Reached XP level 3. HP: 14/14 MP: 5/8
  1427 | D:1      | Learned a level 3 spell: Call Canine Familiar
  1652 | D:2      | Reached XP level 4. HP: 18/18 MP: 2/9
  1663 | D:2      | Reached skill level 5 in Summonings
  1959 | D:2      | Learned a level 3 spell: Summon Guardian Golem
  2426 | D:2      | Found an iron altar of Okawaru.
  3139 | D:3      | Reached skill level 1 in Hexes
  3258 | D:3      | Reached skill level 3 in Dodging
  3258 | D:3      | Reached XP level 5. HP: 21/21 MP: 6/11
  3942 | D:3      | Noticed Ijyb
  3981 | D:3      | Killed Ijyb
  3982 | D:3      | Reached skill level 1 in Fighting
  4372 | D:4      | Noticed an ogre
  4381 | D:4      | Killed an ogre
  4382 | D:4      | Gained mutation: You are covered in thick fur. (AC +2)
                  | [Felid growth]
  4382 | D:4      | Reached XP level 6. HP: 25/25 MP: 7/12
  4923 | D:5      | Entered Level 5 of the Dungeon
  4967 | D:5      | Found Calujauj's Book Boutique.
  5002 | D:5      | Noticed a water moccasin
  5008 | D:5      | Reached skill level 4 in Dodging
  5022 | D:4      | Killed a water moccasin
  5023 | D:4      | Reached XP level 7. HP: 30/30 MP: 2/14
  5433 | D:5      | Reached skill level 5 in Dodging
  5891 | D:5      | Reached XP level 8. HP: 34/34 MP: 9/16
  5954 | D:5      | Reached skill level 5 in Hexes
  6299 | D:6      | Reached skill level 5 in Spellcasting
  6306 | D:6      | Reached skill level 6 in Dodging
  6516 | D:6      | Found Suqulott's Overcharged Wands.
  6645 | D:6      | Found a staircase to the Ecumenical Temple.
  6679 | D:6      | Killed from afar by a steam dragon
  6680 | D:6      | Reached XP level 7. HP: -14/32 MP: 10/15
  6684 | D:6      | Identified the +5 chain mail "Utollamu" {rF+ rC+ Str+3
                  | Int+2}
  6744 | D:6      | Identified the +4 falchion "Neunohag" {drain, Str+2}
  7174 | D:6      | Killed a steam dragon
  7290 | Temple   | Entered the Ecumenical Temple
  7351 | Temple   | Became a worshipper of Gozag Ym Sagoz the Greedy
  7402 | D:6      | Learned a level 4 spell: Summon Lightning Spire
  7462 | D:7      | Noticed Maggie
  7473 | D:7      | Killed from afar by Maggie
  7474 | D:7      | Reached XP level 6. HP: -2/29 MP: 11/15
  7523 | D:7      | Noticed an ice beast
  7537 | D:7      | Killed an ice beast
  7538 | D:7      | Reached XP level 7. HP: 20/33 MP: 6/16
  7552 | D:7      | Reached skill level 1 in Air Magic
  7555 | D:7      | Reached skill level 7 in Dodging
  7851 | D:7      | Reached skill level 5 in Fighting
  7851 | D:7      | Reached XP level 8. HP: 37/37 MP: 12/17
  8213 | D:7      | Killed Maggie
  8342 | D:7      | Found a runed translucent gate.
  8342 | D:7      | Found a runed translucent gate.
  8344 | D:7      | Found a runed translucent gate.
  8348 | D:7      | Noticed Iich's ghost (novice HOFi)
  8348 | D:7      | Noticed juan097's ghost (novice MiFi)
  8348 | D:7      | Noticed Fractals's ghost (novice DsVM)
  8573 | D:6      | Bought a wand of flame (40) for 420 gold pieces
  8653 | D:8      | Noticed an unseen horror
  8871 | D:8      | Reached skill level 8 in Dodging
  8985 | D:8      | Reached XP level 9. HP: 41/41 MP: 6/19
  9131 | D:8      | Found a flagged portal.
 10546 | D:8      | Killed an unseen horror
 10916 | D:9      | Noticed a two-headed ogre
 11248 | D:9      | Noticed GigaChad's ghost (journeyman AtFi)
 11311 | D:9      | Found a transporter.
 11716 | D:9      | Reached skill level 9 in Dodging
 11719 | D:9      | Noticed Joseph
 11740 | D:9      | Killed Joseph
 11741 | D:9      | Reached XP level 10. HP: 19/46 MP: 6/21
 12055 | D:9      | Killed a two-headed ogre
 13026 | D:10     | Entered Level 10 of the Dungeon
 13026 | D:10     | Found Ugiavaups's Weapon Emporium.
 13353 | D:10     | Reached skill level 5 in Air Magic
 13355 | D:10     | Reached skill level 10 in Dodging
 13653 | D:10     | Found Irof's Assorted Antiques.
 13660 | D:10     | Bought a scroll of identify for 60 gold pieces
 13699 | D:10     | Found Giqa's Weapon Shop.
 13712 | D:10     | Found Joice's Magic Scroll Shoppe.
 13715 | D:10     | Bought a scroll of identify for 28 gold pieces
 13715 | D:10     | Bought a scroll of identify for 28 gold pieces
 13757 | D:10     | Found a hide-covered altar of Uskayaw.
 13982 | D:9      | Found a transporter.
 14055 | D:10     | Found Daumoiti's Jewellery Emporium.
 14065 | D:10     | Bought a +6 ring of intelligence for 432 gold pieces
 14263 | D:11     | Noticed a two-headed ogre
 14274 | D:11     | Killed a two-headed ogre
 14275 | D:11     | Reached XP level 11. HP: 39/50 MP: 12/23
 14441 | D:11     | You fall into a shaft and drop 2 floors!
 14456 | D:13     | Identified a scroll of acquirement
 14461 | D:13     | Acquired the ring "Zorey" {rF+ rCorr Str+3}
 14977 | D:12     | Found a shimmering altar of Xom.
 15009 | D:12     | Noticed a skeletal warrior
 15012 | D:12     | Noticed a skeletal warrior
 15023 | D:12     | Noticed a skeletal warrior
 15027 | D:12     | Noticed a skeletal warrior
 15028 | D:12     | Noticed a skeletal warrior
 15029 | D:12     | Killed a skeletal warrior
 15029 | D:12     | Killed a skeletal warrior
 15034 | D:12     | Killed a skeletal warrior
 15042 | D:12     | Killed a skeletal warrior
 15043 | D:12     | Reached skill level 11 in Dodging
 15077 | D:12     | Killed a skeletal warrior
 15379 | D:11     | Reached skill level 10 in Summonings
 15480 | D:11     | Found a staircase to the Lair.
 15589 | D:11     | Noticed a boulder beetle
 15674 | D:11     | Killed a boulder beetle
 16309 | D:11     | Found a staircase to the Orcish Mines.
 16367 | D:11     | Found a sacrificial altar of Ru.
 16484 | D:12     | Gained mutation: Your thick and shaggy fur keeps you warm.
                  | (AC +3, rC+) [Felid growth]
 16484 | D:12     | Reached XP level 12. HP: 57/57 MP: 6/26
 16495 | D:12     | Reached skill level 12 in Dodging
 16722 | D:12     | Noticed a two-headed ogre
 16744 | D:12     | Killed a two-headed ogre
 18416 | Lair:1   | Entered Level 1 of the Lair of Beasts
 18416 | Lair:1   | Noticed Urug
 18431 | Lair:1   | Killed Urug
 18499 | Lair:1   | Reached skill level 13 in Dodging
 18641 | Lair:1   | Noticed a boulder beetle
 18692 | Lair:1   | Killed a boulder beetle
 18693 | Lair:1   | Reached skill level 10 in Fighting
 19059 | Lair:1   | Reached skill level 10 in Spellcasting
 19927 | Lair:2   | Reached skill level 14 in Dodging
 20316 | Lair:2   | Noticed a six-headed hydra
 20324 | Lair:2   | Learned a level 2 spell: Blink
 20334 | Lair:2   | Killed a six-headed hydra
 20335 | Lair:2   | Reached skill level 1 in Translocations
 20646 | Lair:2   | Reached XP level 13. HP: 63/63 MP: 14/28
 21537 | Lair:2   | Found a staircase to the Swamp.
 21676 | Lair:3   | Noticed Rupert
 21785 | Lair:3   | Found a transporter.
 22016 | Lair:3   | Reached skill level 5 in Translocations
 22274 | Lair:3   | Found a staircase to the Snake Pit.
 22294 | Lair:3   | Reached skill level 15 in Dodging
 22450 | Lair:3   | Identified the +0 ring mail of Integrity {rC+++ MP-9 Dex+7}
 22655 | Lair:3   | Found a one-way gate to the infinite horrors of the Abyss.
 22657 | Lair:3   | Noticed a white very ugly thing
 22685 | Lair:3   | Found a transporter.
 22689 | Lair:3   | Noticed fleet's ghost (journeyman GrEE)
 23130 | Lair:3   | Killed Rupert
 23276 | Lair:3   | Noticed Kirke
 23289 | Lair:3   | Noticed a sphinx
 23533 | Lair:3   | Killed Kirke
 23534 | Lair:3   | Reached skill level 16 in Dodging
 23763 | Lair:3   | Noticed Gastronok
 23809 | Lair:3   | Killed Gastronok
 25455 | Lair:5   | Entered Level 5 of the Lair of Beasts
 25487 | Lair:5   | Found a staircase to the Slime Pits.
 26421 | Lair:5   | Found a viscous altar of Jiyva.
 26987 | Lair:5   | Reached XP level 14. HP: 66/70 MP: 17/29
 26992 | Lair:5   | Reached skill level 17 in Dodging
 29465 | Lair:5   | Found a transporter.
 29740 | Lair:4   | Reached skill level 18 in Dodging
 30809 | Lair:5   | Found a transporter.
 30994 | Lair:5   | Identified the +0 ring mail of Xiam {+Inv rElec rC+ Int-4}
 31298 | D:7      | Killed Iich's ghost
 31301 | D:7      | Killed Fractals's ghost
 31304 | D:7      | Killed juan097's ghost
 31536 | D:9      | Gained mutation: You are clumsy. (Dex -2) [a neqoxec]
 31558 | D:9      | Killed GigaChad's ghost
 32068 | Lair:1   | Bought the Discursus on Productive Blows for 768 gold
                  | pieces
 32110 | Lair:3   | Learned a level 5 spell: Summon Mana Viper
 32170 | Lair:5   | Bought an Inescapable Atlas for 384 gold pieces
 32237 | Lair:3   | Learned a level 7 spell: Storm Form
 32287 | Orc:1    | Entered Level 1 of the Orcish Mines
 32288 | Orc:1    | Noticed an orc warlord
 32291 | Orc:1    | Noticed Jorgrun
 32418 | D:11     | Killed an orc warlord
 32702 | Orc:1    | Noticed Snorg
 32783 | D:11     | Constricted to death by Jorgrun
 32784 | D:11     | Reached XP level 13. HP: 0/68 MP: 22/28
 32811 | D:11     | Killed Snorg
 32820 | D:11     | Killed Jorgrun
 33089 | D:11     | Found a staircase to the Lair.
 33185 | D:11     | Found a staircase to the Orcish Mines.
 33471 | D:11     | Found a sacrificial altar of Ru.
 33877 | Orc:1    | Reached skill level 19 in Dodging
 34138 | Orc:1    | Found a runed translucent door.
 34139 | Orc:1    | Noticed AverageBear's ghost (journeyman OpFi)
 34306 | Orc:2    | Entered Level 2 of the Orcish Mines
 35044 | Orc:2    | Found a bloodstained altar of Trog.
 35443 | Orc:2    | Reached XP level 14. HP: 65/72 MP: 18/29
 35449 | Orc:2    | Reached skill level 15 in Fighting
 35885 | Orc:2    | Found a staircase to the Elven Halls.
 36207 | Orc:2    | Found Gilagy Leome's General Store.
 36211 | Orc:2    | Found Linodeuf's Distillery.
 36379 | Orc:2    | Bought a wand of flame (8) for 84 gold pieces
 36379 | Orc:2    | Bought a wand of polymorph (4) for 84 gold pieces
 36381 | Orc:2    | Bought a potion of curing for 45 gold pieces
 36381 | Orc:2    | Bought a potion of invisibility for 120 gold pieces
 36381 | Orc:2    | Bought a potion of heal wounds for 75 gold pieces
 36381 | Orc:2    | Bought a potion of brilliance for 60 gold pieces
 37231 | Orc:1    | Upgraded the game from 0.30.0-13-g156ef70053 to
                  | 0.30.0-15-g856e2d3f33
 37239 | Orc:1    | Learned a level 7 spell: Malign Gateway
 37753 | Orc:2    | Found Tuychos's Antique Weapon Shop.
 37753 | Orc:2    | Found Gifegos's Book Boutique.
 37755 | Orc:2    | Found a one-way gate leading to the halls of Pandemonium.
 37793 | Orc:2    | Found Gilagy Leome's General Store.
 37796 | Orc:2    | Found Linodeuf's Distillery.
 37813 | Orc:2    | Found a staircase to the Elven Halls.
 38093 | Orc:2    | Found a bloodstained altar of Trog.
 38511 | Lair:3   | Bought a book of Death for 616 gold pieces
 38511 | Lair:3   | Bought the Handbook of the Unified Fairies for 364 gold
                  | pieces
 38511 | Lair:3   | Bought a book of Beasts for 532 gold pieces
 39699 | D:13     | Found Vizol's Jewellery Emporium.
 39954 | D:14     | Noticed Wulfey's ghost (journeyman MiBe)
 40043 | D:14     | Found a transporter.
 40046 | D:14     | Found a bloodstained altar of Trog.
 40062 | D:14     | Found a transporter.
 40342 | D:14     | Reached skill level 10 in Hexes
 40582 | D:14     | Found a gate to the Vaults.
 41573 | D:15     | Entered Level 15 of the Dungeon
 41625 | D:15     | Found an iron altar of Okawaru.
 42119 | D:15     | Reached XP level 15. HP: 66/77 MP: 31/31
 42410 | D:15     | Killed from afar by a meliai
 42411 | D:15     | Reached XP level 14. HP: 0/73 MP: 38/39
 43056 | D:15     | Found a staircase to the Depths.
 43252 | D:15     | Reached skill level 10 in Translocations
 43614 | D:15     | Found a runed translucent gate.
 43615 | D:15     | Found a runed translucent gate.
 43615 | D:15     | Found a runed translucent gate.
 43985 | Lair:3   | Bought a book of Hexes for 504 gold pieces
 44109 | D:13     | Bought a +6 ring of intelligence for 540 gold pieces
 44256 | Snake:1  | Entered Level 1 of the Snake Pit
 45020 | Snake:1  | Noticed Asterion
 45031 | Snake:1  | Noticed a cacodemon
 45033 | Snake:1  | Killed Asterion
 45285 | Snake:1  | Noticed Mlioglotl
 45298 | Snake:1  | Killed Mlioglotl
 46310 | Snake:1  | Shot with a bolt by a naga sharpshooter

Illustrated notes

Levels and vault maps discovered:
D:1:      tarquinn_simple_flora_water_a, layout_loops_ring,
          basic_ecumenical_altar, nrook_mini_backslash
D:2:      layout_basic, basic_altar, minivault_11, st_stairs_11
D:3:      layout_basic, grunt_ministairs_5, minmay_misc_feat_secret_circle,
          minmay_unequal, uniq_ijyb
D:4:      layout_rooms
D:5:      layout_rooms, serial_shops, nicolae_stop_n_shop_2
D:6:      layout_basic, minmay_temple_entry_slanted, grunt_decor_cap,
          nicolae_shop_overcharged_wands
D:7:      layout_rooms, gammafunk_ghost_cemetery, the_hattery, uniq_maggie
D:8:      layout_basic, enter_bailey_6
D:9:      layout_basic, gammafunk_ghost_stat_death,
          nicolae_kite_square_tiling_tiny, corner_web_ring,
          minmay_chambers_of_fives, uniq_joseph
D:10:     layout_stronghold, nicolae_uskayaw_suspiria, serial_shops,
          nicolae_shop_bloodbath_and_beyond, nicolae_lakefront_shop, shop,
          nicolae_shop_getting_attention, nicolae_shop_tiny_real_fake_doors
D:11:     layout_roguey, minmay_lair_entry_grove, orc_0_dummy,
          nicolae_ru_the_path_less_chosen
D:12:     layout_stronghold, xom_teletrap_fun
D:13:     layout_basic, serial_shops, kennysheep_little_box
D:14:     layout_rooms, david_vaults_2, minmay_door_square,
          gammafunk_ghost_wrathful_warriors, minmay_orc_keep
D:15:     gammafunk_depths_entry_grave, layout_basic,
          ploomutoo_gammafunk_ghost_potion_laboratory,
          hangedman_decor_diamond_cutter, kennysheep_okawaru_gauntlet
Temple:   grunt_wide_crystal_templ
Lair:1:   layout_small_grid, dreamdust_mushroom_princess, lemuel_fruit_tree,
          infiniplex_staircase_pool, uniq_urug
Lair:2:   layout_roguey, palyth_hydra_swamp_entry, grunt_megastairs_5
Lair:3:   layout_cave_pods, guppyfry_snake_entry_island,
          gammafunk_ghost_abyssal_escape, uniq_rupert, uniq_kirke,
          uniq_gastronok
Lair:4:   layout_regular_city
Lair:5:   gammafunk_lair_ancient_temple, layout_long_grid,
          nicolae_slime_entry_slimehenge, gammafunk_ghost_berserking_beasts
Snake:1:  layout_honeycomb, uniq_mlioglotl, uniq_asterion
Orc:1:    layout_caves, ebering_ghost_inner_flame, uniq_jorgrun, uniq_snorg
Orc:2:    pf_orc_diabolical, layout_diamond_mine, basic_altar,
          gauntlet_entry_generic

Skill      XL: |  1  2  3  4  5  6  7  8  9 10 11 12 13 14 |
---------------+-------------------------------------------+-----
Spellcasting   | 3 4 6 7 9 10 12 | 12.5
Summonings     | 5 7 6 8 9 10 12 | 12.3
Hexes          | 1 2 3 4 5 7 10 | 10.0
Dodging        | 3 4 7 8 9 10 11 14 19 18 | 19.0
Fighting       | 1 2 5 4 6 7 9 11 13 15 | 15.0
Air Magic      | 1 2 4 5 6 7 |  7.0
Translocations | 2 5 11 | 11.5
Stealth        | |  2.6

Action                     |  1- 3 |  4- 6 |  7- 9 | 10-12 | 13-15 || total
---------------------------+-------+-------+-------+-------+-------++-------
  Melee: Unarmed           |     4 |     6 |    38 |     9 |   124 ||   181
         Bite              |     1 |       |       |       |    22 ||    23
         Punch             |       |       |       |       |     4 ||     4
   Cast: Summon Small Mamm |    67 |    16 |    13 |    34 |    86 ||   216
         Call Imp          |    14 |    30 |    35 |    34 |    89 ||   202
         Call Canine Famil |     1 |    29 |    68 |    75 |   136 ||   309
         Summon Guardian G |       |     4 |    50 |    85 |   252 ||   391
         Summon Lightning  |       |       |    12 |    28 |   174 ||   214
         Summon Mana Viper |       |       |       |       |   109 ||   109
         Blink             |       |       |       |       |    14 ||    14
 Invoke: Call Merchant     |       |       |       |       |     3 ||     3
  Evoke: Wand              |       |       |       |     3 |     8 ||    11
    Use: Potion            |     1 |       |     8 |     1 |    16 ||    26
         Scroll            |       |    12 |     3 |    12 |    13 ||    40
   Stab: Distracted        |       |       |     1 |       |       ||     1
         Betrayed ally     |       |       |       |       |     1 ||     1
 Armour: Skin              |     2 |     5 |    16 |     1 |    23 ||    47
  Dodge: Dodged            |    15 |    31 |   100 |    56 |   736 ||   938
  Block: Other             |       |     2 |    29 |     2 |       ||    33
         Reflection        |       |       |     2 |       |       ||     2
